[Event "*** Titled Tuesday 3|2 Blitz (Late)"]
[Site "Chess.com"]
[Date "2016.12.06"]
[Round "2"]
[White "jposthuma"]
[Black "AllStarShark"]
[Result "1-0"]
[WhiteElo "2212"]
[BlackElo "2339"]
[TimeControl "180+2"]
[EndTime "17:20:04 PST"]
[Termination "jposthuma won by checkmate"]

1. d4 d5 2. Nf3 Nf6 3. Bf4 c5 4.
e3 Nc6 5. c3 Qb6 6. Qb3 c4 7.
Qxb6 axb6 8. Na3 Ra5 9. Bc7 Ra6 10. Nc2 Bf5 11. Nb4 Kd7 12. Nxa6 bxa6 13. Bxb6 e6 14.
Ne5+ Nxe5 15. dxe5 Ng4 16. Bd4 Be7 17. h3 Nh6 18. O-O-O Rb8 19. f3 f6 20. e4 Bg6 21.
exd5 exd5 22. exf6 gxf6 23. Be3 Nf5 24. Bf4 Rb5 25. Bxc4 Rc5 26. Rxd5+ Rxd5 27. Bxd5 Bc5 28. Rd1 Ke8 29. Be4 Ne3 30. Bxg6+ hxg6 31. Re1 g5 32.
Bxe3 Be7 33. Bc5 Kd8 34. Bxe7+ Kc8 35. Bxf6 Kd7 36. Bxg5 a5 37. Re5 a4 38. Ra5 a3 39.
bxa3 Kc6 40. h4 Kb6 41. Re5 Kc6 42. f4 Kd6 43. h5 Kc6 44. h6 Kd6 45. h7 Kc6 46.
h8=Q Kd7 47. Qf6 Kc8 48. Re7 Kb8 49. Qf8# 1-0

[Event "*** Titled Tuesday 3|2 Blitz (Late)"]
[Site "Chess.com"]
[Date "2016.12.06"]
[Round "2"]
[White "Alliswell998"]
[Black "calemcc"]
[Result "1-0"]
[WhiteElo "2125"]
[BlackElo "2102"]
[TimeControl "180+2"]
[EndTime "17:20:08 PST"]
[Termination "Alliswell998 won by resignation"]

1. e4 e6 2. d4 d5 3. Nc3 Nf6 4. Bg5 dxe4 5. Nxe4 Be7 6. Bxf6 gxf6 7. Nf3 f5 8. Nc3 a6 9. Qe2 b5 10. O-O-O Qd6 11.
d5 b4 12. dxe6 Qxe6 13. Nd5 Bd6 14. Qd2 O-O 15. Bc4 Qg6 16. Qd4 Nd7 17. Nh4 Qg5+ 18.
Kb1 Be5 19. Nf3 Bxd4 20. Nxg5 Bc5 21. Nxc7 Ra7 22. Nd5 Ne5 23. Bb3 h6 24. Nh3 Be6 25. Nhf4 a5 26. Nf6+ Kg7 27. Bxe6 fxe6 28. Nxe6+ Kxf6 29.
Nxc5 Nc4 30. Nd7+ Rxd7 31. Rxd7 Rg8 32. g3 Re8 33. Rhd1 Re2 34. R7d4 Ne5 35. f4 Nf3 36.
Rd7 Kg6 37. h3 Rg2 38. R7d3 Nh2 39. R3d2 Rxd2 40. Rxd2 Nf1 41. Re2 Nxg3 42. Rg2 1-0

[Event "*** Titled Tuesday 3|2 Blitz (Late)"]
[Site "Chess.com"]
[Date "2016.12.06"]
[Round "2"]
[White "chessking2151"]
[Black "LonesomeGeorge1"]
[Result "1-0"]
[WhiteElo "2382"]
[BlackElo "2192"]
[TimeControl "180+2"]
[EndTime "17:20:18 PST"]
[Termination "chessking2151 won by resignation"]

1. e4 c5 2. Nf3 e6 3. d4 cxd4 4.
Nxd4 Nc6 5. Nc3 Qc7 6. Be3 a6 7. a3 f6 8. Nxc6 dxc6 9. Bc5 Bxc5 10. Qh5+ g6 11. Qxc5 Nh6 12. g3 Qe7 13. Qe3 Nf7 14. O-O-O e5 15. Bc4 Be6 16. Bxe6 Qxe6 17. Qb6 Qe7 18.
Rd2 O-O 19. Rhd1 Rfd8 20. Na4 Rxd2 21. Rxd2 Rc8 22. Qc5 Qxc5 23. Nxc5 Rc7 24. a4 a5 25. Nd7 Kg7 26. Nb6 Ng5 27. Re2 Kf7 28. h4 Ne6 29. Rd2 Nc5 30. f3 Ke7 31. b3 Nd7 32.
Nc4 b6 33. Kb2 Rb7 34. h5 Nc5 35. hxg6 hxg6 36. Rh2 Ke6 37. Rh6 g5 38. Rh8 Nd7 39. Re8+ Kf7 40. Nd6+ 1-0

[Event "*** Titled Tuesday 3|2 Blitz (Late)"]
[Site "Chess.com"]
[Date "2016.12.06"]
[Round "2"]
[White "Kawhi_Leonard2"]
[Black "Buffy7"]
[Result "0-1"]
[WhiteElo "2223"]
[BlackElo "2472"]
[TimeControl "180+2"]
[EndTime "17:20:19 PST"]
[Termination "Buffy7 won by resignation"]

1. e4 c5 2. Nf3 e6 3. d4 cxd4 4.
Nxd4 Nc6 5. Nc3 Qc7 6. Be2 Nf6 7. O-O a6 8. Be3 Be7 9. f4 d6 10. Qe1 O-O 11. Qg3 Bd7 12. Kh1 b5 13. a3 Nxd4 14. Bxd4 Bc6 15. Rae1 g6 16. Bf3 a5 17. b4 axb4 18.
axb4 Ra3 19. Re3 Rfa8 20. h3 Nd7 21. Rfe1 e5 22. fxe5 dxe5 23. Nd5 Bxd5 24. exd5 Bd6 25. Rxa3 Rxa3 26. Bc5 Nxc5 27. bxc5 Qxc5 28. Qg5 Ra8 29.
Qd2 f5 30. Rb1 e4 31. Be2 b4 32. Bf1 Re8 33. Qe2 Qd4 34. Qb5 Qe5 35. Kg1 Rc8 36.
Qd7 Rxc2 37. Qd8+ Kg7 38. Qd7+ Kh6 0-1

[Event "*** Titled Tuesday 3|2 Blitz (Late)"]
[Site "Chess.com"]
[Date "2016.12.06"]
[Round "2"]
[White "Astaneh"]
[Black "SPEEDSKATER"]
[Result "1-0"]
[WhiteElo "2453"]
[BlackElo "2317"]
[TimeControl "180+2"]
[EndTime "17:20:19 PST"]
[Termination "Astaneh won by resignation"]

1. e4 e6 2. Qe2 b6 3. Nc3 Bb7 4.
g3 Nf6 5. Bg2 d5 6. exd5 Nxd5 7.
Nxd5 Bxd5 8. Nf3 Be7 9. O-O O-O 10. c4 Bb7 11. d4 Nd7 12. a4 a5 13. b3 Re8 14. Bb2 Bf6 15. Rfd1 Qc8 16. Ne5 Bxe5 17.
dxe5 Bxg2 18. Kxg2 Qb7+ 19. f3 Nc5 20. Ba3 Rad8 21.
Qe3 Qc6 22. Bxc5 bxc5 23. Rd3 Rxd3 24. Qxd3 h6 25. Rd1 Rb8 26. Qe3 Kf8 27. h4 Ke7 28. Qd2 Ra8 29. g4 Rb8 30. h5 Kf8 31. Qc3 Qb6 32.
Rd3 Ke8 33. Qd2 Qb4 34. Qe3 Rd8 35. Rxd8+ Kxd8 36. g5 Qa3 37. gxh6 Qb2+ 38. Kg3 gxh6 39. Qxc5 Qxb3 40. Qf8+ Kd7 41. Qxf7+ Kc8 42. Qxe6+ Kb7 43. Qd5+ Kc8 44. e6 Qb2 45. Qa8+ 1-0

[Event "*** Titled Tuesday 3|2 Blitz (Late)"]
[Site "Chess.com"]
[Date "2016.12.06"]
[Round "2"]
[White "platy3"]
[Black "hypert"]
[Result "1-0"]
[WhiteElo "2701"]
[BlackElo "2283"]
[TimeControl "180+2"]
[EndTime "17:20:27 PST"]
[Termination "platy3 won by resignation"]

1. e4 c5 2. Nf3 e6 3. d4 cxd4 4.
Nxd4 Nc6 5. Nc3 Qc7 6. f4 a6 7.
Nxc6 dxc6 8. Bd3 e5 9. O-O Nf6 10. fxe5 Ng4 11. Bf4 Be6 12. Qf3 Nxe5 13. Qg3 Qb6+ 14.
Kh1 Ng6 15. Be3 Qa5 16. Ne2 Be7 17. Nd4 Qe5 18. Qf2 O-O 19. c3 Rad8 20. Rfd1 Bc8 21. Nf5 Bf6 22. Bc2 Rxd1+ 23. Rxd1 Rd8 24. Rxd8+ Bxd8 25. Bd4 Qf4 26. Qxf4 Nxf4 27. Nd6 Be6 28. Nxb7 Bc7 29.
Nc5 Bc8 30. Ba4 Ne2 31. Be3 Bb6 32. Bxc6 Kf8 33. Bd7 Bxc5 34. Bxc5+ 1-0

[Event "*** Titled Tuesday 3|2 Blitz (Late)"]
[Site "Chess.com"]
[Date "2016.12.06"]
[Round "2"]
[White "chesstatour"]
[Black "Scott-fox21"]
[Result "0-1"]
[WhiteElo "1890"]
[BlackElo "2173"]
[TimeControl "180+2"]
[EndTime "17:20:28 PST"]
[Termination "Scott-fox21 won on time"]

1. c4 e6 2. g3 d5 3. Bg2 c6 4. Nf3 Nf6 5. b3 dxc4 6. bxc4 Bc5 7. Bb2 Qb6 8. d4 Qxb2 9. dxc5 Qxa1 10. Qc2 Na6 11. O-O Nb4 12. Qb3 Qxa2 13. Qxb4 Qxe2 14. Nc3 Qc2 15. Nd4 a5 16. Qa3 Qd3 17. Nxc6 O-O 18. Ne7+ Kh8 19. Nxc8 Raxc8 20. Bxb7 Rc7 21. c6 Rb8 22. Qxa5 Ne8 23. Rd1 Qxc4 24. Nb5 Qc5 25. Qa6 Re7 26. c7 Nxc7 27. Nxc7 Qxc7 28. Bf3 h6 29. Qe2 Rd7 30. Re1 Rbd8 31. Be4 Rd2 32.
Qf3 f5 33. Bb1 Qb6 0-1

[Event "*** Titled Tuesday 3|2 Blitz (Late)"]
[Site "Chess.com"]
[Date "2016.12.06"]
[Round "2"]
[White "GeorgMeier"]
[Black "Rumpel-VK"]
[Result "1-0"]
[WhiteElo "2766"]
[BlackElo "2459"]
[TimeControl "180+2"]
[EndTime "17:20:30 PST"]
[Termination "GeorgMeier won by resignation"]

1. Nf3 Nf6 2. g3 e6 3. Bg2 b6 4.
O-O Bb7 5. c4 Be7 6. Nc3 O-O 7.
b3 c5 8. Bb2 Nc6 9. Rc1 d5 10.
cxd5 Nxd5 11. Nxd5 Qxd5 12. d4 Qh5 13. e3 cxd4 14.
Nxd4 Qxd1 15. Rcxd1 Rfc8 16. Nxc6 Bxc6 17. Bxc6 Rxc6 18.
Rd7 Bf6 19. Bxf6 gxf6 20. Rfd1 Rac8 21. Rxa7 R6c7 22. Rxc7 Rxc7 23. Rd4 Rc2 24. a4 Kf8 25. Rb4 Rc6 26. g4 Ke7 27. Kg2 Kd6 28. Kf3 Ke5 29. h4 f5 30. Rb5+ Kf6 31. gxf5 exf5 32. Kf4 Kg6 33. Rxf5 f6 34. Rb5 h6 35. h5+ Kf7 36.
Kf5 Rc2 37. f4 Rh2 38. Kg4 Rg2+ 39. Kf3 Rh2 40. Rxb6 Rxh5 41. b4 Rh3+ 42. Kg4 Rxe3 43. a5 h5+ 44. Kxh5 Rg3 45. a6 f5 46. b5 Rg8 47. a7 Ke7 48. Rb8 Rg1 49. a8=Q Kf6 50. Qc6+ 1-0

[Event "*** Titled Tuesday 3|2 Blitz (Late)"]
[Site "Chess.com"]
[Date "2016.12.06"]
[Round "2"]
[White "Fh2411"]
[Black "FranklinAPalomo"]
[Result "0-1"]
[WhiteElo "2344"]
[BlackElo "2410"]
[TimeControl "180+2"]
[EndTime "17:20:41 PST"]
[Termination "FranklinAPalomo won by resignation"]

1. d4 c5 2. d5 Nf6 3. Nf3 d6 4.
c4 g6 5. Nc3 Bg7 6. Bf4 O-O 7.
h3 a6 8. a4 Nbd7 9. e3 Ne8 10.
Be2 Nc7 11. O-O Rb8 12. e4 f5 13. exf5 Rxf5 14. Qd2 Qf8 15. Be3 Ne5 16. Nxe5 Bxe5 17. f4 Bg7 18. Rae1 Rf7 19. Ne4 h6 20. Ng3 b5 21. axb5 axb5 22. Bd3 bxc4 23. Bxg6 Rxb2 24. Qc1 Nxd5 25. Nh5 Nxe3 26. Rxe3 Bb7 27. Rg3 Bd4+ 28. Kh1 Rg7 29. f5 Qa8 30. Qxc4+ Bd5 31. Nxg7 Bxc4 32. f6 Bxf1 0-1

[Event "*** Titled Tuesday 3|2 Blitz (Late)"]
[Site "Chess.com"]
[Date "2016.12.06"]
[Round "2"]
[White "anon102030"]
[Black "Sethu0025"]
[Result "0-1"]
[WhiteElo "2558"]
[BlackElo "2631"]
[TimeControl "180+2"]
[EndTime "17:20:43 PST"]
[Termination "Sethu0025 won on time"]

1. e4 e6 2. d3 d5 3. Nd2 c5 4. g3 Nc6 5. Bg2 Nf6 6. Ne2 Be7 7. O-O O-O 8. h3 b5 9. exd5 exd5 10. c4 bxc4 11.
dxc4 Bb7 12. Nf4 Nd4 13. Nb3 Qb6 14. Nxd4 cxd4 15. Nxd5 Nxd5 16. cxd5 Rfd8 17. Re1 Bc5 18. Qh5 d3 19. Be3 d2 20. Re2 Bxe3 21. Rxe3 Qxb2 22.
Rd1 Rac8 23. Rd3 Rc2 24. Qe2 Ba6 25. Qe7 Rf8 26. Rb3 Qxa2 27. Ra3 Rc1 28. Bf3 Rxd1+ 29.
Bxd1 Qb1 0-1

[Event "*** Titled Tuesday 3|2 Blitz (Late)"]
[Site "Chess.com"]
[Date "2016.12.06"]
[Round "2"]
[White "FLchessplayer"]
[Black "stalyansky"]
[Result "0-1"]
[WhiteElo "2025"]
[BlackElo "2122"]
[TimeControl "180+2"]
[EndTime "17:20:43 PST"]
[Termination "stalyansky won by checkmate"]

1. e4 e5 2. Nf3 Nc6 3. Bb5 a6 4.
Bxc6 dxc6 5. O-O Bg4 6. d3 Qf6 7. Nbd2 Ne7 8. c3 Ng6 9. h3 h5 10. d4 Bd6 11. Re1 Bd7 12. Nf1 Qe7 13. Ng3 Nh4 14.
Nxe5 Bxe5 15. dxe5 Qxe5 16. Nf5 Ng6 17. f4 Nxf4 18. Bxf4 Qxf4 19. Nxg7+ Kd8 20. Qd4 Rg8 21. Rad1 Qd6 22. Qf2 Qg6 23. Nf5 Ke8 24. Nh4 Qg5 25. Kh1 Rd8 26. Rf1 Be6 27. Rxd8+ Kxd8 28. Nf5 Kc8 29. b3 Kb8 30. Qf3 Bxf5 31. exf5 Rd8 32. Rf2 Rd5 33. c4 Re5 34. f6 Re1+ 35. Kh2 Qe5+ 36. Qf4 Qa1 37. Kg3 Qc3+ 38. Rf3 Qb2 39. Rf2 Qc3+ 40. Kh4 Qa1 41. Kxh5 Re5+ 42. Kh4 Qe1 43. g3 Re4 44. Qxe4 Qxe4+ 45. Rf4 Qh7+ 46. Kg4 Qg6+ 47. Kf3 Qd3+ 48. Kg4 Qe2+ 49. Kh4 Qxa2 50.
Rf3 Qe2 51. Kg4 Qe4+ 52. Rf4 Qe2+ 53. Rf3 Qe6+ 54. Kg5 Qe4 55. Rf4 Qg6+ 56. Kh4 Qh7+ 57. Kg4 Kc8 58. h4 Kd7 59. Kg5 Qg6# 0-1

[Event "*** Titled Tuesday 3|2 Blitz (Late)"]
[Site "Chess.com"]
[Date "2016.12.06"]
[Round "2"]
[White "VitaliyBernadskiy"]
[Black "HarutyunianTigranK"]
[Result "0-1"]
[WhiteElo "2550"]
[BlackElo "2677"]
[TimeControl "180+2"]
[EndTime "17:20:48 PST"]
[Termination "HarutyunianTigranK won by resignation"]

1. e4 e5 2. Nf3 Nc6 3. Bc4 Bc5 4.
c3 Nf6 5. d3 O-O 6. O-O d5 7.
exd5 Nxd5 8. Re1 Bg4 9. h3 Bh5 10. b4 Bb6 11. a4 a6 12. a5 Ba7 13. b5 axb5 14. Bxb5 f6 15. a6 Qc8 16. Ba3 Rd8 17. Nbd2 Bf7 18. Ne4 Nde7 19. Qa4 Nb8 20. Bc4 Nd5 21. axb7 Qxb7 22. Rab1 Qxb1 23. Rxb1 Bxf2+ 24. Kxf2 Rxa4 25. Bc5 Nd7 26. Rb7 Nxc5 27. Nxc5 Ra5 28.
Ne4 h6 29. g4 Rd7 30. Kg3 Nf4 31. Bb5 Rd8 32. Bc6 Ra2 33. d4 Rg2+ 34. Kh4 g5+ 35. Nfxg5 hxg5+ 36. Nxg5 fxg5+ 37. Kxg5 Nxh3+ 38. Kh6 Rxg4 0-1

[Event "*** Titled Tuesday 3|2 Blitz (Late)"]
[Site "Chess.com"]
[Date "2016.12.06"]
[Round "2"]
[White "gmshanmeruga"]
[Black "amurdercastle"]
[Result "1-0"]
[WhiteElo "2295"]
[BlackElo "2393"]
[TimeControl "180+2"]
[EndTime "17:21:05 PST"]
[Termination "gmshanmeruga won by resignation"]

1. e4 c6 2. d4 d5 3. Nc3 dxe4 4. Nxe4 Bf5 5. Ng3 Bg6 6. Nf3 Nd7 7. h4 h6 8. h5 Bh7 9. Bd3 Bxd3 10. Qxd3 e6 11. Bf4 Qa5+ 12. c3 Ngf6 13. Ne5 Nxe5 14. Bxe5 Be7 15. O-O O-O 16. Ne4 Nxe4 17. Qxe4 Rfd8 18.
Qg4 Bf8 19. f4 Qd5 20. f5 exf5 21. Rxf5 Qe6 22. Raf1 Rd7 23. R1f3 Kh7 24. Qe4 Kh8 25. Rf6 gxf6 26. Rxf6 Bg7 27. Rxe6 fxe6 28. Qg6 Bxe5 29. Qxh6+ Rh7 30. Qxe6 Bg7 31. g4 Rf8 32. Kg2 Bf6 33.
Qf5 Rg7 34. Kh3 Rg5 35. Qd7 Rg7 36. Qf5 Be7 37. Qe5 Bg5 38. c4 Rf3+ 39. Kg2 Rf4 40. Kh3 Rf3+ 41. Kg2 Rf4 42. Kh3 Bh6 43. Qe6 Rfxg4 44.
Qxh6+ Kg8 45. Qe6+ Kh7 46. Qxg4 Rxg4 47. Kxg4 Kh6 48.
Kh4 1-0

[Event "*** Titled Tuesday 3|2 Blitz (Late)"]
[Site "Chess.com"]
[Date "2016.12.06"]
[Round "2"]
[White "ecwinslow"]
[Black "SwiftyMcBishop"]
[Result "1-0"]
[WhiteElo "2068"]
[BlackElo "2107"]
[TimeControl "180+2"]
[EndTime "17:21:12 PST"]
[Termination "ecwinslow won on time"]

1. d4 d5 2. c4 dxc4 3. Nf3 Nf6 4.
e3 e6 5. Bxc4 c5 6. O-O a6 7. a4 Nc6 8. Qe2 Be7 9. Rd1 Qc7 10.
Nc3 O-O 11. h3 b6 12. d5 exd5 13. Nxd5 Nxd5 14. Bxd5 Bb7 15. e4 Rad8 16. Bg5 Bxg5 17. Nxg5 Nd4 18. Qh5 h6 19. Nf3 Bxd5 20. exd5 Ne2+ 21.
Kf1 Nf4 22. Qf5 g6 23. Qe4 Rfe8 24. Qc4 Qd6 25. Rd2 Qf6 26. h4 Rd6 27. Rad1 Qf5 28.
Qxa6 Nxg2 29. Kxg2 Qg4+ 30. Kh2 Qxf3 31. Qd3 Qf4+ 32. Qg3 Qf6 33. b3 Re4 34. Rd3 Rxh4+ 35. Kg2 Rh5 36. Rf3 1-0

[Event "*** Titled Tuesday 3|2 Blitz (Late)"]
[Site "Chess.com"]
[Date "2016.12.06"]
[Round "2"]
[White "nonsopolo1"]
[Black "pedromartinez91"]
[Result "0-1"]
[WhiteElo "2185"]
[BlackElo "2349"]
[TimeControl "180+2"]
[EndTime "17:21:23 PST"]
[Termination "pedromartinez91 won by checkmate"]

1. e4 c5 2. Nf3 Nc6 3. Bb5 d6 4.
O-O Bd7 5. Re1 Nf6 6. c3 a6 7.
Bf1 Bg4 8. h3 Bxf3 9. Qxf3 g6 10.
d3 Bg7 11. Nd2 O-O 12. a4 b5 13. Qg3 Nh5 14. Qf3 b4 15. cxb4 Nxb4 16. Nc4 Nc2 17.
Bg5 Nxa1 18. Rxa1 Nf6 19. Ne3 Rb8 20. Ra2 Qd7 21. g4 Qe6 22. Nd5 Nxd5 23. exd5 Qe5 24.
Bf4 Qf6 25. d4 g5 26. dxc5 Qxf4 27. Qxf4 gxf4 28. c6 Rxb2 29. Ra3 Bd4 30. Rf3 e5 31. Bxa6 Bb6 32. Kg2 f5 33. g5 Kf7 34. h4 h6 35.
Rc3 Bc7 36. a5 Ra8 37. Bd3 Rxa5 38. Bxf5 Raa2 39. Rf3 hxg5 40. hxg5 Bd8 41. Be4 Kg7 42. Bf5 Bb6 43. Kh3 Rxf2 44. Rxf2 Rxf2 45. Kg4 Rg2+ 46. Kh5 f3 47. Bd3 f2 48. Kh4 Rg1 49. Kh3 f1=Q+ 50.
Bxf1 Rxf1 51. Kg2 Rf2+ 52. Kg3 Rf5 53. Kg4 Kg6 54. Kh4 Bc7 55. Kh3 e4 56. Kh4 e3 57.
Kh3 e2 58. Kh2 e1=Q 59. Kh3 Qg1 60. Kh4 Rxg5 61. Kh3 Rh5# 0-1

[Event "*** Titled Tuesday 3|2 Blitz (Late)"]
[Site "Chess.com"]
[Date "2016.12.06"]
[Round "2"]
[White "Zlatan56"]
[Black "MaestroASK"]
[Result "1/2-1/2"]
[WhiteElo "2636"]
[BlackElo "2454"]
[TimeControl "180+2"]
[EndTime "17:21:41 PST"]
[Termination "Game drawn by repetition"]

1. Nf3 d6 2. g3 g6 3. Bg2 Bg7 4.
O-O e5 5. d4 f6 6. e4 Bh6 7. c4 Nd7 8. Nc3 c6 9. b4 Bxc1 10.
Rxc1 Nh6 11. c5 dxc5 12. dxc5 Nf7 13. Nd2 O-O 14. Nc4 Qe7 15. Qb3 Kg7 16. Rfd1 Rd8 17. Nd6 Nf8 18. Nxf7 Rxd1+ 19. Rxd1 Qxf7 20. Bf1 Be6 21. Qa3 Qc7 22. b5 Bg4 23. Rd6 cxb5 24. Nxb5 Qe7 25. f3 Bd7 26. Nc3 Bc6 27. Bc4 Rd8 28.
Nd5 Bxd5 29. Bxd5 Rxd6 30. cxd6 Qd7 31. Qc5 b6 32. Qc7 Kh6 33. Bc6 Qe6 34. Bd5 Qd7 35. Bc6 Qe6 36. Qe7 Qc4 37. Qxf8+ Kh5 38. Bd5 Qc1+ 39.
Kg2 Qd2+ 40. Kh3 Qe2 41. g4+ Kg5 42. Kg3 Qe1+ 43. Kg2 Qe2+ 44. Kg3 Qe1+ 45. Kg2 Qe2+ 46. Kg3 Qe1+ 47. Kg2 Qe2+ 1/2-1/2

[Event "*** Titled Tuesday 3|2 Blitz (Late)"]
[Site "Chess.com"]
[Date "2016.12.06"]
[Round "2"]
[White "AlexanderL"]
[Black "dretch"]
[Result "1-0"]
[WhiteElo "2581"]
[BlackElo "2583"]
[TimeControl "180+2"]
[EndTime "17:21:46 PST"]
[Termination "AlexanderL won on time"]

1. d4 d5 2. c4 c6 3. cxd5 cxd5 4.
Bf4 Nc6 5. e3 Nf6 6. Nc3 Bf5 7.
Qb3 Na5 8. Qa4+ Bd7 9. Qc2 e6 10. Nf3 Be7 11. h3 O-O 12. Bd3 Rc8 13. O-O b5 14. a3 Nc4 15. Ne5 a5 16. Qe2 b4 17.
axb4 axb4 18. Nxd7 Nxd7 19. Na4 b3 20. Rfc1 Ndb6 21. Nxb6 Nxb6 22. Qd1 Rxc1 23. Rxc1 Bd6 24. Bxd6 Qxd6 25. Qxb3 Rb8 26. Rc5 Nd7 27. Rb5 Rxb5 28. Qxb5 g6 29. Qb7 Nb6 30. Bb5 Kg7 31. b3 Kf8 32. g3 h5 33. h4 Qd8 34. Bc6 Nc8 35.
Qb8 Ke7 36. b4 Nd6 37. Qa7+ Kf6 38. Qc5 Kg7 39. Kg2 Ne4 40. Qc2 Qb6 41. b5 Qd8 42. Qb2 Nd6 43. Qb4 Qc7 44. Qc5 Nc8 45. e4 dxe4 46.
Bxe4 Qd8 47. d5 exd5 48. Bxd5 Nb6 49. Bb3 Qa8+ 50. Qc6 1-0

[Event "*** Titled Tuesday 3|2 Blitz (Late)"]
[Site "Chess.com"]
[Date "2016.12.06"]
[Round "2"]
[White "jcibarra"]
[Black "LawrenceTrent"]
[Result "1-0"]
[WhiteElo "2637"]
[BlackElo "2421"]
[TimeControl "180+2"]
[EndTime "17:21:47 PST"]
[Termination "jcibarra won by resignation"]

1. d4 Nf6 2. c4 g6 3. Nc3 Bg7 4. e4 d6 5. Nf3 O-O 6. Be2 e5 7. Be3 c6 8. d5 Ng4 9. Bg5 f6 10. Bh4 c5 11. Nd2 h5 12. h3 Nh6 13. Qc2 Na6 14. a3 Nc7 15. Nf1 g5 16. Bg3 h4 17.
Bh2 f5 18. exf5 Nxf5 19. Ne3 Nd4 20. Qd1 Qf6 21. O-O Bd7 22. Bg4 Bxg4 23. Qxg4 Qg6 24. a4 Ne8 25. Qe4 Qf7 26. Ng4 Nf6 27. Nxf6+ Qxf6 28. Qg4 Qg6 29. Ne4 Bf6 30. Nxd6 Bg7 31. Ne4 Rf5 32. Nxc5 Rc8 33. Ne4 Rxc4 34. Rfc1 Nc2 35.
Rab1 Kh8 36. Qe2 Rxe4 37. Qxe4 Nd4 38. Rc8+ Kh7 39. Rd1 Kh6 40. Rc7 Qf6 41. Rf1 Qb6 42. Rc4 Qxb2 43. Rxd4 Qxd4 44. Qxf5 Qxd5 45. Re1 a6 46.
Bxe5 Bh8 47. Bg7+ 1-0

[Event "*** Titled Tuesday 3|2 Blitz (Late)"]
[Site "Chess.com"]
[Date "2016.12.06"]
[Round "2"]
[White "GianmarcoVaR"]
[Black "viditchess"]
[Result "0-1"]
[WhiteElo "2407"]
[BlackElo "2587"]
[TimeControl "180+2"]
[EndTime "17:21:47 PST"]
[Termination "viditchess won by checkmate"]

1. d4 Nf6 2. c4 e6 3. g3 c5 4. d5 exd5 5. cxd5 g6 6. Nc3 Bg7 7. Bg2 d6 8. Nf3 O-O 9. O-O Re8 10. Bf4 Ne4 11. Nxe4 Rxe4 12. Nd2 Rxf4 13. gxf4 Bxb2 14. Rb1 Bg7 15. Nc4 b6 16. Qc2 Bh6 17. a4 Bxf4 18. e3 Bf5 19. Be4 Bxh2+ 20. Kh1 Bxe4+ 21.
Qxe4 Be5 22. Nxe5 dxe5 23. Qxe5 Qh4+ 24. Qh2 Qxa4 25. f3 Nd7 26. e4 Re8 27. Ra1 Qc4 28.
Qh3 Nf6 29. Rxa7 Nh5 30. Raa1 Qd4 31. Rad1 Qe5 32. d6 Ng3+ 33. Kg2 Nxf1 34. Kxf1 Rd8 35.
Rd5 Qe6 36. Qg3 c4 37. Ke2 b5 38. Qf4 b4 39. Kd2 c3+ 40. Kc2 Qd7 41. Qf6 Rc8 42.
Ra5 b3+ 43. Kxb3 c2 44. Ra1 Qb7+ 45. Ka2 Ra8# 0-1

[Event "*** Titled Tuesday 3|2 Blitz (Late)"]
[Site "Chess.com"]
[Date "2016.12.06"]
[Round "2"]
[White "Peroncio"]
[Black "spirals5"]
[Result "1-0"]
[WhiteElo "2498"]
[BlackElo "2276"]
[TimeControl "180+2"]
[EndTime "17:21:49 PST"]
[Termination "Peroncio won by resignation"]

1. e4 c5 2. Nf3 d6 3. d4 cxd4 4.
Nxd4 Nf6 5. Nc3 a6 6. Bg5 Nbd7 7. Bc4 Ne5 8. Bb3 e6 9. Qd2 h6 10. Bf4 Be7 11. O-O-O Bd7 12. Bg3 g5 13. h4 Rg8 14.
hxg5 hxg5 15. Kb1 Qc7 16. Nf3 Nfg4 17. Rh7 O-O-O 18. Nxe5 Nxe5 19. Bxe5 dxe5 20. Rxf7 Be8 21. Bxe6+ Kb8 22. Nd5 Bxf7 23. Bxf7 Qd6 24. Bxg8 Rxg8 25.
Nxe7 Qxe7 26. Qd6+ Qxd6 27. Rxd6 Rf8 28. Rd2 g4 29. c3 Rf4 30. Re2 Kc7 31. Kc2 Kd6 32. Kd3 Ke6 33. Ke3 Rf8 34. Rd2 Rh8 35. f3 gxf3 36. gxf3 Rh1 37. a3 Rb1 38. Rh2 Kd6 39. Re2 Ke6 40. Kd3 Rd1+ 41. Ke3 Rb1 42. Rf2 a5 43. Kd3 b5 44. c4 Kd6 45. cxb5 Kc5 46. f4 exf4 47. a4 Ra1 48. b3 Rd1+ 49. Kc2 Re1 50.
Rxf4 Kd4 51. b6 Re2+ 52. Kc1 Rh2 53. e5+ Kc3 54. Kd1 Rd2+ 55. Ke1 Rd8 56. e6 Kxb3 57. e7 Re8 58. Re4 1-0

[Event "*** Titled Tuesday 3|2 Blitz (Late)"]
[Site "Chess.com"]
[Date "2016.12.06"]
[Round "2"]
[White "tango_argentino"]
[Black "1e41-0"]
[Result "1/2-1/2"]
[WhiteElo "2356"]
[BlackElo "2179"]
[TimeControl "180+2"]
[EndTime "17:21:56 PST"]
[Termination "Game drawn - insufficient material"]

1. e4 c5 2. Nf3 e6 3. b3 a6 4.
Bb2 Nc6 5. c4 Qc7 6. g3 Nf6 7.
e5 Ng4 8. Qe2 d5 9. exd6 Bxd6 10.
Bxg7 Rg8 11. Bb2 Nb4 12. d4 b5 13. a3 Nc6 14. h3 Nh6 15. d5 Nd4 16. Nxd4 cxd4 17.
Bxd4 Nf5 18. Bb2 Bb7 19. Nc3 O-O-O 20. cxb5 Rge8 21. O-O-O Bxa3 22. Qc2 Bxb2+ 23. Kxb2 axb5 24. Bxb5 Rg8 25. dxe6 fxe6 26. Bc4 Nd4 27. Rxd4 Rxd4 28. Bxe6+ Kb8 29. Bxg8 Bxh1 30. Nb5 Qxc2+ 31. Kxc2 Be4+ 32. Kc1 Rd3 33. Bc4 Rf3 34. Nd6 Bc6 35. Nf7 Rxf2 36. Ne5 Bg2 37. h4 Be4 38. Kd1 Rg2 39. g4 h5 40. g5 Kc7 41. Bf7 Kd6 42. Nc4+ Ke7 43. Bxh5 Bc2+ 44. Ke1 Bxb3 45. Ne3 Rh2 46. Bg4 Be6 47.
Bxe6 Kxe6 48. g6 Rxh4 49. Kf2 Kf6 50. g7 Kf7 51. Kg3 Re4 52. Nf5 Re6 53. Kf4 Rg6 54.
g8=Q+ Rxg8 55. Nh6+ Kg7 56. Nxg8 1/2-1/2

[Event "*** Titled Tuesday 3|2 Blitz (Late)"]
[Site "Chess.com"]
[Date "2016.12.06"]
[Round "2"]
[White "oskariot"]
[Black "Viaje"]
[Result "1-0"]
[WhiteElo "2396"]
[BlackElo "2213"]
[TimeControl "180+2"]
[EndTime "17:21:59 PST"]
[Termination "oskariot won by resignation"]

1. e4 c5 2. Nf3 d6 3. d4 cxd4 4.
Nxd4 Nf6 5. Nc3 a6 6. Bg5 e5 7.
Nf3 Be7 8. Bxf6 Bxf6 9. Nd5 Nd7 10. Bc4 O-O 11. O-O b5 12. Bb3 Bb7 13. Re1 Nb6 14. c3 a5 15. Nxb6 Qxb6 16. Bd5 Rfd8 17. Qd3 Rac8 18. Rad1 Ba6 19. h3 b4 20. c4 g6 21.
Nh2 Bg7 22. b3 Rc5 23. h4 a4 24. h5 Ra5 25. Qg3 axb3 26. axb3 Rd7 27. hxg6 hxg6 28. Nf3 Bb7 29. Qh3 Ra2 30. Re3 Rc7 31. Bxb7 Rxb7 32. Qc8+ Bf8 33. c5 Qc7 34. Qxc7 Rxc7 35. cxd6 Rd7 36.
Red3 Ra6 37. Nxe5 Rdxd6 38. Rxd6 Rxd6 39. Rxd6 Bxd6 40. Nc4 Be7 41. Kf1 Kg7 42. Ne3 Bc5 43. Ke2 Kf6 44. f4 Ke6 45. Nc4 f5 46. Kf3 fxe4+ 47.
Kxe4 Bg1 48. g4 Bf2 49. Ne5 Kf6 50. Nd3 Bb6 51. Nxb4 Bc5 52. Nd3 Bd6 53. Kd5 Bc7 54.
b4 Bb6 55. b5 Be3 56. Kc6 1-0

[Event "*** Titled Tuesday 3|2 Blitz (Late)"]
[Site "Chess.com"]
[Date "2016.12.06"]
[Round "2"]
[White "KNVB"]
[Black "Bigfish1995"]
[Result "1-0"]
[WhiteElo "2542"]
[BlackElo "2705"]
[TimeControl "180+2"]
[EndTime "17:22:03 PST"]
[Termination "KNVB won by resignation"]

1. d4 Nf6 2. c4 e6 3. Nc3 d5 4.
cxd5 exd5 5. Bg5 Nbd7 6. e3 Nb6 7. Bd3 Be7 8. Nge2 Bg4 9. Qc2 Bh5 10. Nf4 Bg6 11.
Nxg6 hxg6 12. h3 c6 13. Bf4 Bd6 14. Be5 Bxe5 15. dxe5 Nfd7 16. e6 Ne5 17. exf7+ Kxf7 18. Be2 Qf6 19. O-O Rad8 20. Rad1 Rh4 21. b3 Nc8 22. f4 Nd7 23. e4 Ndb6 24. e5 Qe7 25. Bg4 Qc5+ 26. Kh2 Rxg4 27. hxg4 d4 28. e6+ Kg8 29. Qxg6 Qf8 30. Ne4 Ne7 31. Qg5 Nbd5 32. Rxd4 Re8 33. Ng3 Nc8 34. f5 Nd6 35. Nh5 Nb5 36. Rd3 Qd6+ 37. Kh1 Qe5 38. Rh3 Re7 39. Nf4 Nxf4 40. Qxe7 Nxh3 41. Qe8+ Kh7 42. Qh5+ Kg8 43. Qxh3 Nd4 44.
Qc3 c5 45. Re1 Qb8 46. e7 Qe8 47. Qxc5 Nc6 48. Qd5+ Kh7 49. Re3 Kh6 50. Qe6+ Kg5 51. Qg6+ Qxg6 52. fxg6 1-0